 Dungeon Crawl Stone Soup version 0.21.1-1-g345015fe64 (webtiles) character file.

29835 Ivernyr the Ogre Mage (level 13, -3/144 HPs)
             Began as an Ogre Wizard on May 20, 2018.
             Was a High Priest of Sif Muna.
             Slain by a blink frog (17 damage)
             ... on level 6 of the Lair of Beasts on May 27, 2018.
             The game lasted 01:48:35 (28912 turns).

Ivernyr the Ogre Mage (Ogre Wizard)                Turns: 28912, Time: 01:48:36

Health: -3/144     AC:  3    Str: 14    XL:     13   Next: 47%
Magic:  1/32       EV: 10    Int: 26    God:    Sif Muna [*****.]
Gold:   948        SH:  4    Dex:  7    Spells: 8/43 levels left

rFire    + . .     SeeInvis .   l - +1 whip (venom)
rCold    + . .     Gourm    .   (no shield)
rNeg     + . .     Faith    .   a - +0 robe
rPois    .         Spirit   .   (helmet restricted)
rElec    .         Reflect  +   v - scarf {rC+ rF+}
rCorr    .         Harm     .   (gloves unavailable)
MR       +++..                  (boots unavailable)
Stlth    +.........             M - +4 amulet of reflection
HPRegen  0.34/turn              K - ring of the Mage {Wiz MR++ Int+3}
MPRegen  0.23/turn              p - ring of positive energy

@: divine energy
A: large, unfitting armour, tough skin 1
a: Stop Divine Energy, Channel Magic, Forget Spell, Renounce Religion


You were on level 6 of the Lair of Beasts.
You worshipped Sif Muna.
Sif Muna was extremely pleased with you.
You were hungry.

You visited 3 branches of the dungeon, and saw 16 of its levels.

You collected 948 gold pieces.

Inventory:

Hand Weapons
 l - a +1 whip of venom (weapon)
Armour
 a - a +0 robe (worn)
 v - a scarf of resistance (worn)
 D - a +0 large shield
Jewellery
 i - an uncursed ring of resist corrosion
 m - an uncursed ring of protection from cold
 p - a ring of positive energy (right hand)
 K - the ring of the Mage (left hand) {Wiz MR++ Int+3}
   (You found it on level 7 of the Dungeon)

   [ring of wizardry]

   It improves your spell success rate.
   It affects your intelligence (+3).
   It affects your resistance to hostile enchantments.
 M - a +4 amulet of reflection (around neck)
 T - an uncursed ring of flight
Wands
 j - a wand of paralysis (10)
 x - a wand of flame (51)
 I - a wand of disintegration (21)
 L - a wand of digging (26)
 N - a wand of random effects (23)
 R - a wand of iceblast (13)
 V - a wand of scattershot (6)
Scrolls
 e - 5 scrolls of remove curse
 q - 2 scrolls of noise
 s - 5 scrolls of teleportation
 y - 7 scrolls of enchant armour
 z - 3 scrolls of amnesia
 C - 2 scrolls of fog {unknown}
 E - 3 scrolls of magic mapping
 G - a scroll of vulnerability {unknown}
 H - a scroll of identify
 O - 2 scrolls of immolation
 W - 3 scrolls of torment {unknown}
Potions
 b - a potion of berserk rage {unknown}
 f - 3 potions of curing
 g - 2 potions of ambrosia
 h - 3 potions of degeneration {unknown}
 k - 2 potions of haste
 n - a potion of cancellation {unknown}
 o - 3 potions of brilliance {unknown}
 r - 4 potions of flight
 t - a potion of resistance {unknown}
 u - 3 potions of heal wounds {unknown}
 w - 2 potions of invisibility {unknown}
 A - 3 potions of agility {unknown}
 B - 4 potions of lignification {unknown}
 J - a potion of mutation {unknown}
 Q - a potion of might {unknown}
Books
 c - a book of Minor Magic

   Spells                             Type                      Level
   a - Magic Dart                     Conjuration                  1
   b - Blink                          Translocation                2
   c - Call Imp                       Summoning                    2
   d - Slow                           Hexes                        2
   e - Conjure Flame                  Conjuration/Fire             3
   f - Mephitic Cloud                 Conjuration/Poison/Air       3
 F - a book of Geomancy

   Spells                             Type                      Level
   a - Sandblast                      Earth                        1
   b - Passwall                       Transmutation/Earth          2
   c - Stone Arrow                    Conjuration/Earth            3
   d - Petrify                        Transmutation/Earth          4
   e - Lee's Rapid Deconstruction     Earth                        5
 P - a book of Frost

   Spells                             Type                      Level
   a - Freeze                         Ice                          1
   b - Throw Frost                    Conjuration/Ice              2
   c - Ozocubu's Armour               Charms/Ice                   3
   d - Throw Icicle                   Conjuration/Ice              4
   e - Summon Ice Beast               Ice/Summoning                4
 S - a book of Necromancy

   Spells                             Type                      Level
   a - Pain                           Necromancy                   1
   b - Animate Skeleton               Necromancy                   1
   c - Vampiric Draining              Necromancy                   3
   d - Regeneration                   Charms/Necromancy            3
   e - Animate Dead                   Necromancy                   4
   f - Borgnjor's Vile Clutch         Necromancy/Earth             5
 U - a book of Enchantments

   Spells                             Type                      Level
   a - Cause Fear                     Hexes                        4
   b - Yara's Violent Unravelling     Hexes/Transmutation          5
   c - Silence                        Hexes/Air                    5
   d - Deflect Missiles               Charms/Air                   6
   e - Discord                        Hexes                        8
 X - Naolan's Tome of Ashen Sinister Rituals
   (Sif Muna gifted it to you on level 5 of the Lair of Beasts)

   Spells                             Type                      Level
   a - Corpse Rot                     Necromancy                   2
   b - Leda's Liquefaction            Hexes/Earth                  4
   c - Iron Shot                      Conjuration/Earth            6
   d - Statue Form                    Transmutation/Earth          6
   e - Borgnjor's Revivification      Necromancy                   8
Comestibles
 d - 27 rations


   Skills:
 + Level 13.0 Fighting
 - Level 2.0 Dodging
 - Level 1.4 Stealth
 * Level 15.5 Spellcasting
 + Level 9.6 Conjurations
   Level 0.8 Summonings
 - Level 0.8 Translocations
 + Level 10.3 Invocations


You had 8 spell levels left.
You knew the following spells:

 Your Spells              Type           Power        Failure   Level  Hunger
a - Magic Dart            Conj           ####         1%          1    None
b - Blink                 Tloc           N/A          1%          2    None
c - Conjure Flame         Conj/Fire      #####...     1%          3    None
d - Mephitic Cloud        Conj/Pois/Air  #####...     1%          3    None
e - Stone Arrow           Conj/Erth      #####.       1%          3    None
f - Passwall              Tmut/Erth      ###.......   1%          2    None
g - Petrify               Tmut/Erth      ###.....     11%         4    None
h - Lee's Rapid Deconstr  Erth           ###.......   28%         5    None
i - Regeneration          Chrm/Necr      ###.......   3%          3    None
j - Ozocubu's Armour      Chrm/Ice       ###.....     3%          3    None
k - Iron Shot             Conj/Erth      #####.....   22%         6    ####...


Dungeon Overview and Level Annotations

Branches:
Dungeon (9/15)             Temple (1/1) D:4            Lair (6/6) D:8
  Swamp (0/4) Lair:4        Snake (0/4) Lair:3        Slime (0/5) Lair:5
    Orc: D:9-12

Altars:
Ashenzari
Cheibriados
Dithmenos
Elyvilon
Fedhas
Gozag
Hepliaklqana
Kikubaaqudgha
Makhleb
Nemelex Xobeh
Okawaru
Qazlal
Ru
Sif Muna
Trog
Uskayaw
Vehumet
Wu Jian
Xom
Yredelemnul
Zin
The Shining One

Shops:
D:5 ?

Annotations:
D:3 2 transporters
Lair:4 exclusion: 2 oklob plants
Lair:5 exclusion: 3 oklob plants


Innate Abilities, Weirdness & Mutations

You are too large for most types of armour.
You have tough skin. (AC +1)


Message History

The ball explodes into a vile cloud!
The stinking cloud engulfs the blink frog.
The blink frog is almost dead.
The stinking cloud engulfs the rime drake.
The rime drake is lightly wounded.
Sif Muna grants you divine energy.
You briefly lose access to your magic!
The blink frog is engulfed in noxious fumes.
The rime drake is engulfed in noxious fumes.
You miss the blink frog.
The blink frog is almost dead.
The blink frog hits you!
* * * LOW HITPOINT WARNING * * *
The blink frog blinks!
The rime drake is engulfed in noxious fumes.
The rime drake appears confused.
You feel better. You block the blink frog's attack.
You regain access to your magic.
The blink frog hits you!
You die...

.........Y.P.#...P# ### .#
..........######### ##.###
..#P..........# ##..P..
##............## ##......
#.†...(........#### #.#.....
#.#............##P#####.......
#..............#.P##.<.......
##.......[.F.....##..........
#.........k.@...PP#..........
##.....§.....#................
#..#..#...#.P#.#..P...........
#.†###############............
#...P# #............ #....#
##........... #..##.#
##...........# .### ##
#.#........... ..
####.#........


You could see a blink frog and a rime drake (confused).

Vanquished Creatures
  3 hydras
  3 death yaks
  Sonja (Lair:4)
  A manticore (Lair:6)
  Joseph (D:7)
  A torpor snail (Lair:1)
  6 elephants
  5 black mambas
  13 spiny frogs
  5 komodo dragons
  A rime drake (Lair:2)
  The ghost of HessuHobo the Digger, a novice GrEE (D:4)
  2 polar bears
  Prince Ribbit (D:6)
  10 dream sheep
  Grinder (D:6)
  12 blink frogs
  5 hippogriffs
  A spriggan (D:7)
  Sigmund (D:6)
  14 yaks
  A basilisk (Lair:3)
  4 nagas (Lair:3)
  Duvessa (D:6)
  2 hell hounds (D:8)
  5 water moccasins
  4 porcupines
  5 orc warriors
  3 ice beasts
  A sky beast (D:5)
  4 black bears
  4 necrophages
  9 ogres
  5 centaurs
  11 crocodiles
  10 bullfrogs
  Dowan (D:6)
  2 gnoll sergeants
  3 scorpions
  An electric eel (Lair:1)
  2 howler monkeys
  6 crimson imps
  A quasit (D:8)
  A bullfrog skeleton (D:5)
  6 hounds
  8 orc priests
  2 jellies
  Crazy Yiuf (D:3)
  3 iguanas
  6 orc wizards
  3 worker ants
  8 gnolls
  9 adders
  2 river rats (D:5)
  A shadow imp (D:5)
  An ooze (D:1)
  An adder zombie (D:5)
  2 adder skeletons
  3 worms
  A dart slug (D:2)
  4 leopard geckos
  42 orcs
  8 giant cockroaches
  9 goblins
  9 hobgoblins
  18 jackals
  2 kobolds (D:1)
  5 ball pythons
  7 bats
  4 frilled lizards
  11 rats
  A fungus (Lair:5)
  A plant (Lair:4)
352 creatures vanquished.

Vanquished Creatures (collateral kills)
  A worker ant (D:7)
1 creature vanquished.

Vanquished Creatures (others)
  15 fungi
  21 plants
  4 toadstools (D:1)
40 creatures vanquished.

Grand Total: 393 creatures vanquished

Notes
Turn   | Place    | Note
-------+----------+-------------------------------------------
     0 | D:1      | Ivernyr the Ogre Wizard began the quest for the Orb.
     0 | D:1      | Reached XP level 1. HP: 16/16 MP: 5/5
    80 | D:1      | Reached skill level 1 in Conjurations
   429 | D:1      | Reached XP level 2. HP: 5/24 MP: 0/6
   667 | D:1      | Learned a level 2 spell: Blink
   680 | D:1      | Reached skill level 4 in Spellcasting
  1020 | D:1      | Reached XP level 3. HP: 27/32 MP: 0/8
  1025 | D:1      | Learned a level 3 spell: Conjure Flame
  1029 | D:1      | Learned a level 3 spell: Mephitic Cloud
  1549 | D:2      | Reached skill level 1 in Fighting
  1909 | D:2      | Found a snail-covered altar of Cheibriados.
  2142 | D:2      | Reached XP level 4. HP: 41/41 MP: 4/10
  2977 | D:3      | Reached skill level 5 in Spellcasting
  3085 | D:3      | Found a transporter.
  3116 | D:3      | Found a transporter.
  3344 | D:2      | Reached XP level 5. HP: 6/49 MP: 4/12
  3844 | D:3      | Found a runed door.
  3848 | D:3      | Noticed Crazy Yiuf
  3854 | D:3      | Killed Crazy Yiuf
  4165 | D:4      | Noticed an ogre
  4172 | D:4      | Noticed an ogre
  4350 | D:4      | Reached XP level 6. HP: 58/61 MP: 8/14
  4417 | D:4      | Reached skill level 6 in Spellcasting
  4503 | D:4      | Noticed HessuHobo's ghost (novice GrEE)
  4513 | D:4      | Killed HessuHobo's ghost
  4513 | D:4      | Reached XP level 7. HP: 29/70 MP: 11/17
  4929 | D:4      | Reached skill level 7 in Spellcasting
  5306 | D:4      | Reached skill level 5 in Fighting
  5533 | D:4      | Found a staircase to the Ecumenical Temple.
  5542 | Temple   | Entered the Ecumenical Temple
  5582 | Temple   | Became a worshipper of Sif Muna the Loreminder
  5735 | D:4      | Reached XP level 8. HP: 58/80 MP: 15/19
  5945 | D:5      | Entered Level 5 of the Dungeon
  6100 | D:5      | Reached skill level 1 in Invocations
  6183 | D:5      | Reached skill level 8 in Spellcasting
  6699 | D:5      | Found Xearchor's Magic Scroll Shoppe.
  7779 | D:5      | Reached * piety under Sif Muna
  7785 | D:5      | Found a burning altar of Makhleb.
  8048 | D:6      | Noticed Sigmund
  8060 | D:6      | Killed Sigmund
  8060 | D:6      | Reached skill level 9 in Spellcasting
  8136 | D:6      | Reached XP level 9. HP: 87/92 MP: 15/22
  8207 | D:6      | Noticed Grinder
  8217 | D:6      | Paralysed by Grinder for 2 turns
  8222 | D:6      | Killed Grinder
  8222 | D:6      | Reached skill level 5 in Conjurations
  8586 | D:6      | Found a glowing silver altar of Zin.
  9115 | D:6      | Noticed Duvessa
  9115 | D:6      | Noticed Dowan
  9629 | D:6      | Noticed Prince Ribbit
  9647 | D:6      | Killed Prince Ribbit
  9698 | D:6      | Reached skill level 10 in Spellcasting
 10329 | D:6      | Killed Duvessa
 10329 | D:6      | Reached ** piety under Sif Muna
 10332 | D:6      | Killed Dowan
 10521 | D:7      | Noticed Joseph
 10547 | D:7      | Killed Joseph
 10547 | D:7      | Reached skill level 5 in Invocations
 10547 | D:7      | Reached XP level 10. HP: 52/105 MP: 15/24
 11124 | D:7      | Reached skill level 11 in Spellcasting
 11347 | D:7      | Found the ring of the Mage {Wiz MR++ Int+3}
 11417 | D:7      | Learned a level 3 spell: Stone Arrow
 11420 | D:7      | Learned a level 2 spell: Passwall
 11425 | D:7      | Learned a level 4 spell: Petrify
 11431 | D:7      | Learned a level 5 spell: Lee's Rapid Deconstruction
 12028 | D:8      | Found a bloodstained altar of Trog.
 12277 | D:8      | Found a staircase to the Lair.
 13167 | D:9      | Found a sacrificial altar of Ru.
 13877 | D:9      | Noticed a two-headed ogre
 13882 | D:9      | Noticed a salamander
 13882 | D:9      | a spriggan changed into a salamander
 14070 | Lair:1   | Entered Level 1 of the Lair of Beasts
 14103 | Lair:1   | Reached *** piety under Sif Muna
 14334 | Lair:1   | Noticed a spiny frog
 14351 | Lair:1   | Killed a spiny frog
 14351 | Lair:1   | Reached skill level 12 in Spellcasting
 14351 | Lair:1   | Reached XP level 11. HP: 109/117 MP: 17/27
 15265 | Lair:1   | Reached skill level 10 in Fighting
 17536 | Lair:2   | Reached **** piety under Sif Muna
 17702 | Lair:2   | Reached skill level 13 in Spellcasting
 18160 | Lair:2   | HP: 4/119 [black mamba (13)]
 18162 | Lair:2   | HP: 1/119 [poisoned by a black mamba]
 18637 | Lair:3   | Found a staircase to the Snake Pit.
 19623 | Lair:3   | Reached XP level 12. HP: 130/130 MP: 19/29
 19823 | Lair:3   | Learned a level 3 spell: Regeneration
 20521 | Lair:4   | Noticed a five-headed hydra
 20531 | Lair:4   | Killed a five-headed hydra
 21202 | Lair:4   | Found a staircase to the Swamp.
 21227 | Lair:4   | Noticed Sonja
 21231 | Lair:4   | Killed Sonja
 21381 | Lair:4   | Found a shattered altar of Ashenzari.
 21869 | Lair:5   | Reached skill level 14 in Spellcasting
 23079 | Lair:5   | HP: 6/132 [bullfrog (4)]
 23084 | Lair:4   | HP: 6/132 [bullfrog (2)]
 25806 | Lair:5   | Noticed a seven-headed hydra
 25811 | Lair:5   | Killed a seven-headed hydra
 25811 | Lair:5   | Reached XP level 13. HP: 141/141 MP: 18/31
 25976 | Lair:5   | Got a steaming war axe
 25977 | Lair:5   | Identified the +6 war axe of Experimentation {venom, rElec rF+ Dex-5} (You found it on level 5 of the Lair of Beasts)
 26006 | Lair:5   | Learned a level 3 spell: Ozocubu's Armour
 26523 | Lair:5   | Found a staircase to the Slime Pits.
 26560 | Lair:5   | Reached skill level 15 in Spellcasting
 26613 | Lair:6   | Entered Level 6 of the Lair of Beasts
 26758 | Lair:5   | Reached ***** piety under Sif Muna
 26918 | Lair:5   | Identified Naolan's Tome of Ashen Sinister Rituals (Sif Muna gifted it to you on level 5 of the Lair of Beasts)
 26918 | Lair:5   | Received a gift from Sif Muna
 27029 | Lair:5   | Learned a level 6 spell: Iron Shot
 27237 | Lair:6   | Reached skill level 10 in Invocations
 28901 | Lair:6   | HP: 6/144 [blink frog (2)]
 28909 | Lair:6   | HP: 2/144 [blink frog (11)]
 28912 | Lair:6   | Slain by a blink frog

Skill      XL: |  1  2  3  4  5  6  7  8  9 10 11 12 13 |
---------------+----------------------------------------+-----
Conjurations   | 1 2 3 4 5 6 8 9 |  9.6
Dodging        | 2 |  2.0
Spellcasting   | 4 5 6 7 9 10 12 13 14 15 | 15.5
Fighting       | 1 2 3 4 5 6 8 9 11 12 13 | 13.0
Invocations    | 3 5 6 8 9 10 | 10.3
Stealth        | |  1.4
Summonings     | |  0.8
Translocations | |  0.8

Action                   |  1- 3 |  4- 6 |  7- 9 | 10-12 | 13-15 || total
-------------------------+-------+-------+-------+-------+-------++-------
Melee: Unarmed           |    49 |       |       |       |       ||    49
       Whip              |       |    77 |   190 |   198 |    52 ||   517
 Cast: Magic Dart        |    89 |    97 |   255 |   234 |     9 ||   684
       Mephitic Cloud    |       |     1 |    26 |    36 |     8 ||    71
       Conjure Flame     |       |     1 |     1 |    21 |     3 ||    26
       Stone Arrow       |       |       |       |   265 |    90 ||   355
       Blink             |       |       |       |    13 |     4 ||    17
Invok: Divine Energy     |       |       |       |     1 |       ||     1
  Use: Scroll            |       |       |    11 |    12 |     1 ||    24
       Potion            |       |       |       |     4 |     2 ||     6
 Stab: Sleeping          |       |     1 |       |       |       ||     1
       Confused          |       |       |     6 |     5 |       ||    11
  Eat: Chunk             |     4 |     7 |    19 |    26 |     2 ||    58
       Ration            |       |       |       |     6 |     2 ||     8
Armor: Robe              |    24 |    41 |    49 |    47 |     5 ||   166
Dodge: Dodged            |    35 |    69 |   124 |   190 |    29 ||   447
Block: Other             |       |       |       |    47 |     6 ||    53
       Reflection        |       |       |       |     5 |       ||     5
